Unix NetHack Version 3.7.0-65 Work-in-progress - last build Oct 10 2022 05:34:18 (2afc5cfc90f7ecdc2856d9919a2295b875398e55,branch:master). Game began 2022-10-15 19:09:48, ended 2022-10-15 19:34:28. aerth, neutral female human Monk ------- ------------- -------- %|.....| |...|.......| |.......| -|-...--- |...........-------.......---- --------- |.......- -.-..........................| |.......| --.......| .|......%....%<.......^...--| -------*.....| ----..-.| .|....*......%%.............-----........--..| --..-- |--.....................|........-----.--%.-- --..----------.---%................ ----------- 21--..-- --.%..............---......... .--...| |--..%------------ ..... -----..---- ----- --...--- --.))......| --...---...-- -------- --..---.....-- |........--- --......-- ---------------------.)-- --..|f.---- --.......| |........| ---......"...........|..-- -----@...--- ----..--| |-......-- .*-""....................-- |.......| --...------..------ ---"^...............---- --.--.--- |.........%.-%. |["|...............| .%-....| ------------- -------------------- ------ Aerth the Initiate St:18/02 Dx:13 Co:13 In:10 Wi:13 Ch:7 Neutral Dlvl:12 $:458 HP:0(58) Pw:20(30) AC:4 Xp:8/1721 T:2557 Latest messages: d - 2 red gems. e - a red gem. You see here a gray stone. # In what direction? Thump! You see here a gray stone. You stumble into a spider web! You disentangle yourself. You stumble into a spider web! You disentangle yourself. You see here a crossbow bolt. You find a hidden door. This door is locked. Unlock it with your key? [ynq] (q) You succeed in unlocking the door. The door opens. Wait! That's a small mimic! The small mimic hits! You hit the small mimic! You hit the small mimic! The small mimic hits! You kill the small mimic! f - a violet gem. M - a green gem (2 in total). K - a white gem (2 in total). m - a food ration. The tiger hits! The tiger just misses! The tiger bites! You hit the tiger! The tiger hits! The tiger hits! The tiger bites! You hit the tiger! The tiger hits! The tiger hits! The tiger bites! In what direction? The magical energy is released! The tiger looks better. The tiger hits! The tiger just misses! The tiger just misses! In what direction? You feel better. The tiger hits! The tiger hits! The tiger bites! You die... Inventory: Coins ('$') $ - 458 gold pieces Amulets ('"') N - an uncursed amulet of flying Weapons (')') I - 19 uncursed +0 darts T - an uncursed +0 dagger Armor ('[') y - a cursed -2 pair of gauntlets of fumbling a - an uncursed +2 pair of leather gloves (being worn) B - an uncursed +2 pair of fumble boots Z - an uncursed +1 robe (being worn) Comestibles ('%') S - an uncursed haggis g - 6 uncursed apples s - an uncursed clove of garlic v - an uncursed cream pie m - an uncursed food ration i - 4 uncursed fortune cookies J - an uncursed melon h - 6 uncursed oranges R - an uncursed pancake l - 2 uncursed lichen corpses Spellbooks ('+') c - a blessed spellbook of healing Tools ('(') Y - an empty uncursed oilskin sack b - an uncursed sack containing 24 items O - an uncursed bugle U - an uncursed credit card j - an uncursed oil lamp (lit) k - an uncursed skeleton key t - an uncursed towel X - a cursed wax candle Gems/Stones ('*') z - 3 uncursed amethyst stones K - 2 uncursed diamonds M - 2 uncursed emeralds x - an uncursed jacinth stone A - an uncursed jasper stone V - 2 uncursed jet stones d - 2 uncursed rubies G - an uncursed turquoise stone u - 2 uncursed worthless pieces of blue glass H - 2 uncursed worthless pieces of green glass W - 2 uncursed worthless pieces of orange glass e - an uncursed worthless piece of red glass f - an uncursed worthless piece of violet glass P - an uncursed worthless piece of white glass L - an uncursed worthless piece of yellow glass E - an uncursed worthless piece of yellowish brown glass Q - an uncursed luckstone Contents of the sack: an uncursed scroll of enchant weapon an uncursed scroll of genocide a cursed scroll of identify a cursed scroll of identify a blessed scroll of teleportation an uncursed scroll of teleportation an uncursed scroll of teleportation a cursed scroll of teleportation an uncursed potion of blindness an uncursed potion of extra healing a blessed potion of gain ability an uncursed potion of gain energy 3 uncursed potions of healing an uncursed potion of object detection a cursed ring of polymorph an uncursed ring of polymorph control an uncursed ring of shock resistance an uncursed +0 pick-axe an uncursed turquoise stone an uncursed worthless piece of black glass an uncursed worthless piece of blue glass 2 uncursed worthless pieces of orange glass an uncursed worthless piece of red glass 2 uncursed worthless pieces of white glass Aerth the Monk's attributes: Background: You were an Initiate, a level 8 female human Monk. You were neutral, on a mission for Chih Sung-tzu who was opposed by Shan Lai Ching (lawful) and Huan Ti (chaotic). You were in the Gnomish Mines, on level 12. You entered the dungeon 2557 turns ago. You had 1721 experience points, 839 more were needed to attain level 9. Basics: You had 0 out of 58 hit points. You had 20 out of 30 energy points (spell power). Your armor class was 4. Your wallet contained 458 zorkmids. Autopickup was on for '$?!"=/*', with exceptions. Final Characteristics: Your strength was 18/02 (limit:18/100). Your dexterity was 13 (limit:18). Your constitution was 13 (limit:18). Your intelligence was 10 (limit:18). Your wisdom was 13 (limit:18). Your charisma was 7 (limit:18). Final Status: You were not hungry. You were unencumbered. You were empty handed. You had expert skill with martial arts. Final Attributes: You were piously aligned. You were sleep resistant. You were poison resistant. You saw invisible. You were warned. You were stealthy. You were guarded. You were fast. You were lucky. You had extra luck. Bad luck did not time out for you. Good luck did not time out for you. You are dead. Miscellaneous: You disabled loading of bones levels. Total elapsed playing time was 22 minutes and 13 seconds. Major events: Turn 1: aerth the neutral female human Monk entered the dungeon 477: attained the rank of Novice (level 3) 606: entered the Gnomish Mines 1020: attained the rank of Initiate (level 6) 1075: reached Mine Town 2379: acquired the Mines' End luckstone 2557: killed by a tiger Vanquished creatures: a large mimic 4 small mimics a freezing sphere a giant beetle 2 giant spiders 2 gnome rulers a white unicorn a bugbear an imp a rock piercer a violet fungus 14 gnome leaders 2 gnomish wizards a gray ooze a giant ant 19 dwarves a homunculus a kobold leader 6 hobbits 4 giant rats a red mold 50 gnomes a gnome zombie 3 geckos 2 foxes 2 kobolds 3 grid bugs 3 lichens 8 newts 138 creatures vanquished. No species were genocided or became extinct. Voluntary challenges: You never hit with a wielded weapon. You were illiterate. You never engraved Elbereth. You never genocided any monsters. You never polymorphed an object. You never changed form. You used no wishes. Achievements: You attained the rank of Novice. You entered the Gnomish Mines. You attained the rank of Initiate. You entered Minetown. You entered a shop. You entered a temple. You completed the Gnomish Mines. The Dungeons of Doom: levels 1 to 5 Level 1: A sink. Level 2: Level 3: Level 4: Stairs down to The Gnomish Mines. Level 5: The Gnomish Mines: levels 5 to 12 Level 5: Level 6: Level 7: Level 8: Many shops, a temple to Chih Sung-tzu, some fountains, some trees. Level 9: Level 10: Level 11: Level 12: <- You were here. Final resting place for you, killed by a tiger. Game over: ---------- / \ / REST \ / IN \ / PEACE \ / \ | aerth | | 458 Au | | killed by a | | tiger | | | | | | 2022 | *| * * * | * _________)/\\_//(\/(/\)/\//\/|_)_______ Goodbye aerth the Monk... You died in The Gnomish Mines on dungeon level 12 with 7847 points, and 458 pieces of gold, after 2557 moves. You were level 8 with a maximum of 58 hit points when you died.